 Dungeon Crawl Stone Soup version 0.32-a0-931-g5a2cda0 (webtiles) character file.

Game seed: 11606769089102376302

263584 december12 the Fencer (level 19, 0/201 HPs)
             Began as a Barachi Artificer on Apr 13, 2024.
             Was a High Priest of Cheibriados.
             Killed by the air
             ... invoked by a titan
              (36 damage)
             ... on level 5 of the Vaults.
             The game lasted 01:04:42 (24758 turns).

december12 the Fencer (Barachi Artificer)          Turns: 24758, Time: 01:04:43

Health: 0/201      AC: 30    Str: 26    XL:     19   Next: 42%
Magic:  20/33      EV: 29    Int: 24    God:    Cheibriados [*****.]
Gold:   1064       SH:  0    Dex: 29    Spells: 16/39 levels left

rFire   + . .        a - +4 scimitar (flame)
rCold   + . .        (no shield)
rNeg    + . .        s - melded +4 scale mail {Will+}
rPois   ∞            w - +2 hat
rElec   +            Q - scarf {rC+ rF+}
rCorr   .            (gloves currently unavailable)
SInv    .            (boots currently unavailable)
Will    ++...        T - amulet of magic regeneration
Stlth   ++           R - +5 ring of evasion
HPRegen 0.53/turn    n - ring of willpower
MPRegen 0.63/turn

%: no passive effects
@: mighty, statue-form, very slow
A: slow and powerful, torment resistance 1, boosted hp, amphibious, (slowness
1), strong legs 2, +LOS
}: 2/15 runes: decaying, gossamer
a: Hop, Begin Untransformation, Renounce Religion, Bend Time, Temporal
Distortion, Slouch, Step From Time


You were on level 5 of the Vaults.
You worshipped Cheibriados.
Cheibriados was extremely pleased with you.
You were a living statue of rough stone.
You visited 7 branches of the dungeon, and saw 36 of its levels.
You also visited: Ice Cave.

You collected 2553 gold pieces.
You spent 1489 gold pieces at shops.

Inventory:

Hand Weapons
 a - a +4 scimitar of flaming (weapon)
 b - a +3 scimitar of electrocution
Missiles
 l - 5 curare-tipped darts (quivered)
 Z - 3 throwing nets {!f}
Armour
 s - a +4 scale mail of willpower (melded)
 w - a +2 hat (worn)
 Q - a scarf of resistance (worn)
Jewellery
 n - a ring of willpower (right fist)
 z - a ring of see invisible
 F - a ring of protection from cold
 N - the ring "Goapna" {rPois rF+ Str+2 Int+6 Slay-5}
   (You found it on level 3 of the Lair of Beasts)

   [ring of intelligence]

   Str+2:     It affects your strength (+2).
   Int+6:     It affects your intelligence (+6).
   Slay-5:    It affects your accuracy & damage with ranged weapons and melee
   (-5).
   rF+:       It protects you from fire.
   rPois:     It protects you from poison.
 R - a +5 ring of evasion (left fist)
 T - an amulet of magic regeneration (around neck)
Talismans
 U - a granite talisman (active)
Wands
 d - a wand of charming (11)
 e - a wand of iceblast (23)
 H - a wand of acid (16)
 L - a wand of mindburst (27)
 V - a wand of digging (2)
Scrolls
 f - a scroll of enchant armour
 j - 3 scrolls of poison
 p - 5 scrolls of immolation
 q - 4 scrolls of fog
 u - 3 scrolls of blinking
 v - 2 scrolls of butterflies
 x - 2 scrolls of amnesia
 y - 13 scrolls of teleportation
 B - 2 scrolls of revelation
 C - 6 scrolls of vulnerability
 E - 4 scrolls of brand weapon
 G - 2 scrolls of enchant weapon
 J - 6 scrolls of fear
 W - a scroll of acquirement
Potions
 g - 4 potions of brilliance
 h - 2 potions of magic
 i - 5 potions of ambrosia
 k - 3 potions of mutation
 o - 10 potions of curing
 t - 3 potions of attraction
 A - 5 potions of lignification
 M - 4 potions of enlightenment
 P - a potion of heal wounds
 Y - a potion of resistance
Miscellaneous
 c - a lightning rod (4/4)
 r - a Gell's gravitambourine (1/2)


   Skills:
 - Level 15.0 Fighting
 - Level 18.0 Long Blades
 - Level 2.4 Armour
 - Level 12.0 Dodging
 - Level 0.8 Stealth
 + Level 10.5 Spellcasting
 - Level 5.0 Conjurations
 * Level 17.3 Ice Magic
 - Level 5.0 Air Magic
 - Level 6.0 Alchemy
 - Level 11.0 Invocations
 - Level 4.0 Evocations
 - Level 17.0 Shapeshifting


You had 16 spell levels left.
You knew the following spells:

 Your Spells              Type           Power      Damage    Failure   Level
a - Polar Vortex          Ice            38%        12d5*     99%         9
b - Olgreb's Toxic Radia  Alch           41%        N/A       4%          4
c - Freezing Cloud        Conj/Ice/Air   27%        6-21      3%          5
d - Metabolic Englaciati  Hex/Ice        26%        N/A       4%          5

Your spell library contained the following spells:

 Spells                   Type           Power      Damage    Failure   Level
 Sting                    Conj/Alch      100%       1d9       1%          1
 Ensorcelled Hibernation  Hex/Ice        100%       N/A       1%          2
 Mercury Vapours          Alch/Air       78%        N/A       1%          2
 Hailstorm                Conj/Ice       60%        3d11      1%          3
 Mephitic Cloud           Conj/Alch/Air  38%        N/A       1%          3
 Summon Small Mammal      Summ           48%        N/A       4%          1
 Fulminant Prism          Conj/Alch      19%        3d10      5%          4
 Call Canine Familiar     Summ           12%        N/A       16%         3
 Maxwell's Portable Pile  Tloc           12%        2d(6-17)  16%         3
 Tukima's Dance           Hex            12%        N/A       16%         3
 Volatile Blastmotes      Fire/Tloc      24%        2d12      16%         3
 Iskenderun's Mystic Bla Conj/Tloc 24%            2d7        (+2d3     19%         4
 Arcjolt                  Conj/Air       18%        1d28      19%         5
 Cause Fear               Hex            6%         N/A       45%         4
 Dimensional Bullseye     Hex/Tloc       6%         N/A       45%         4
 Summon Blazeheart Golem  Fire/Summ      12%        N/A       45%         4
 Fireball                 Conj/Fire      12%        3d7       45%         5
 Maxwell's Capacitive Co  Air            18%        ∞         100%        8
 Dragon's Call            Summ           6%         N/A       100%        9


Dungeon Overview and Level Annotations

Branches:
Dungeon (15/15)            Temple (1/1) D:6            Lair (5/5) D:10
  Swamp (4/4) Lair:2       Spider (4/4) Lair:2        Slime (0/5) Lair:5
    Orc (2/2) D:12            Elf (0/3) Orc:2        Vaults (5/5) D:13
 Depths (0/4) D:15          IceCv (visited)
  Crypt: Vaults:2-3

Altars:
Ashenzari
Cheibriados
Dithmenos
Elyvilon
Fedhas
Gozag
Hepliaklqana
Kikubaaqudgha
Makhleb
Nemelex Xobeh
Okawaru
Qazlal
Ru
Sif Muna
Trog
Uskayaw
Vehumet
Wu Jian
Xom
Yredelemnul
Zin
The Shining One
Beogh

Shops:
D:7 *   D:8 (   D:10 =   D:12 ([   Orc:1 :   Orc:2 (*[:[   Vaults:1 !
Vaults:5 [

Annotations:
D:10 1 transporter
Swamp:1 Mlioglotl
Vaults:2 Jory


Innate Abilities, Weirdness & Mutations

You are a living statue of rough stone.
Your actions are slow, but your melee attacks are powerful.
You are resistant to unholy torment.
Your maximum health is greatly increased.
Your equipment is partially melded.
You are amphibious.
You are immune to poison.
((You cover ground slowly.))
You can hop long distances.
You have an extended range of vision and can be seen from far away.


Message History

You slice the ironbound preserver!! You burn the ironbound preserver!
The ironbound preserver is severely wounded.
You hit the ironbound preserver. You burn the ironbound preserver.
The ironbound preserver is almost dead.
The ironbound preserver is no longer moving slowly.
The ironbound preserver completely misses you.
You slice the ironbound preserver!! You burn the ironbound preserver.
You kill the ironbound preserver!
Cheibriados appreciates the change of pace.
Hit: a) +4 scimitar (flame)
Press: ? - help, Dir - move target, f - you
Okay, then.
Aiming: Corrosive Bolt
Press: ? - help, Shift-Dir - straight line, f - golden dragon
Aim: a golden dragon (84% to hit)
The bolt of acid hits the golden dragon but does no damage.
Casting: Freezing Cloud (mildly dangerous; 3% risk of failure)
Confirm with . or Enter, or press ? or * to list all spells.
Aiming: Freezing Cloud (mildly dangerous; 3% risk of failure)
Press: ? - help, Dir - move target, f/p - golden dragon
Aim: a golden dragon The golden dragon is engulfed in freezing vapours.
The golden dragon breathes cold at you. The bolt of cold hits you! You resist.
* * * LOW HITPOINT WARNING * * *
The golden dragon is engulfed in freezing vapours.
A shadow dragon comes into view.
You feel very mighty all of a sudden.
A titan comes into view.
The golden dragon is engulfed in freezing vapours.
The golden dragon bites you but does no damage.
The golden dragon claws you!
* * * LOW HITPOINT WARNING * * *
The golden dragon tramples you but does no damage.
You slash the golden dragon! You burn the golden dragon.
The golden dragon is moderately wounded.
The titan waves its arms in wide circles.
The air twists around and strikes you!!!
You die...
Cheibriados appreciates the motionlessness of death.

## ##.....
......[ W....[[
..../W< H....[L #
## ####..[ ##.
##.## # #...[
...#...#...#...#.
#...#.
.......$I).......
.... #.
...#..§§D........
... #.
##.§§§§....... ..
#. ##§§#......#.
L #. ..# #....##
#. .D# #..## ..#
#.. ... #.. )C.
#..


You could see a shadow dragon, a titan and a golden dragon (catching breath).

Vanquished Creatures
  Frederick (Vaults:3)
  Margery (Vaults:5)
  Arachne (Spider:3)
  Jorgrun (Spider:3)
  A hellephant (Vaults:5)
  4 sphinxes
  A thorn hunter (Swamp:4)
  Roxanne (D:14)
  3 vault wardens
  6 ghost moths
  An orc warlord (Vaults:4)
  3 emperor scorpions (Spider:4)
  A stone giant (Vaults:5)
  8 ironbound preservers
  An ironbound thunderhulk (Vaults:1)
  3 broodmothers
  Nessos (Orc:2)
  A deep elf death mage (Vaults:5)
  2 eleionomae
  A spark wasp (Spider:4)
  Snorg (Lair:3)
  An ettin (D:15)
  2 shambling mangroves (Swamp:4)
  3 entropy weavers
  5 yaktaur captains
  An ice dragon (D:14)
  15 hydras
  24 vault guards (Vaults:5)
  Erolcha (D:9)
  2 jorogumos
  6 alligators
  3 ironbound frosthearts
  Erica (D:8)
  5 centaur warriors
  3 catoblepae
  6 boulder beetles
  A ghost crab (Swamp:1)
  8 death yaks
  A dancing weapon (Vaults:5)
  13 demonic crawlers
  5 tengu warriors
  7 orc high priests
  A soul eater (D:15)
  2 hell knights (Vaults:5)
  3 sun demons
  Nergalle (Lair:3)
  Urug (Lair:1)
  A skyshark (shapeshifter) (Vaults:3)
  A sixfirhy (D:15)
  A skyshark (Lair:2)
  A skeletal warrior (D:13)
  2 goliath frogs (Swamp:3)
  2 spriggan druids (Swamp:4)
  8 swamp dragons
  A pharaoh ant (Spider:1)
  3 orb spiders
  An arcanist (Vaults:1)
  A sun moth (Spider:4)
  19 deep trolls
  4 bog bodies
  2 ironbound convokers
  7 lindwurms
  3 harpies (Vaults:1)
  2 phantasmal warriors
  8 orc knights
  2 necromancers
  5 deep elf pyromancers
  2 orc sorcerers (Orc:2)
  13 wolf spiders
  2 ugly things (Vaults:1)
  6 will-o-the-wisps
  3 cyclopes
  4 manticores
  5 elephants (Lair:2)
  2 moths of wrath
  4 rust devils (D:15)
  3 meliai (Spider:4)
  5 kobold blastminers
  6 black mambas
  7 vault sentinels
  2 smoke demons (D:14)
  2 ice statues (IceCv)
  2 orange demons (D:15)
  5 torpor snails
  2 gargoyles
  3 unseen horrors
  15 yaktaurs
  17 cane toads
  9 komodo dragons
  3 kobold demonologists
  3 rime drakes
  An anaconda simulacrum (IceCv)
  An efreet (D:13)
  A freezing wraith (D:15)
  3 tengu conjurers
  9 ice devils
  A hellwing (D:15)
  3 trolls
  3 red devils
  A polar bear (Lair:3)
  17 tarantellas
  7 hornets
  7 tyrant leeches
  Grinder (D:6)
  24 jumping spiders
  12 dream sheep
  21 blink frogs
  14 culicivoras
  9 slime creatures
  4 spriggans
  A wraith (D:11)
  A shadow (D:11)
  A fire bat (D:7)
  A vampire (D:12)
  54 yaks
  2 wyverns
  2 dire elephant simulacra (IceCv)
  Eustachio (D:5)
  26 redbacks
  11 wargs
  12 vampire mosquitoes
  2 chaos spawn (D:15)
  7 basilisks
  3 neqoxecs (D:15)
  A harpy simulacrum (IceCv)
  3 acid dragons
  7 swamp worms
  12 water moccasins
  6 hydra simulacra (IceCv)
  2 ice beasts
  3 swamp drakes (Swamp:4)
  33 orc warriors
  3 sky beasts (D:7)
  2 laughing skulls (D:15)
  A black bear (D:4)
  5 ogres
  16 centaurs
  6 wolves
  A phantom (D:5)
  3 kobold brigands
  8 bullfrogs
  A two-headed ogre simulacrum (IceCv)
  3 gnoll sergeants
  3 scorpions
  8 wights
  2 elephant simulacra (IceCv)
  9 killer bees (D:9)
  3 jellies
  2 bombardier beetles
  A gnoll bouda (D:5)
  28 orc priests
  5 hounds
  2 sleepcaps
  4 iguanas
  15 orc wizards
  10 hell rats
  Terence (D:2)
  20 gnolls
  2 adders
  16 river rats (Lair:3)
  3 shadow imps
  4 white imps
  4 ufetubi
  81 orcs
  5 endoplasms
  7 hobgoblins
  2 jackals (D:2)
  12 quokkas
  3 ball pythons
  5 bats
  3 frilled lizards
  6 goblins
  14 kobolds
  12 rats
  6 foxfires
1040 creatures vanquished.

Vanquished Creatures (collateral kills)
  A hydra (Swamp:4)
  Edmund (D:5)
  An orc priest (D:6)
  A gnoll (D:5)
  A shadow imp (D:6)
  A bat (D:2)
  A kobold (D:2)
7 creatures vanquished.

Vanquished Creatures (others)
  An ironbound preserver (Vaults:1)
  A bunyip (Swamp:2)
  A goliath frog (Swamp:4)
  A swamp dragon (Swamp:4)
  A bog body (Swamp:4)
  A bloated husk (Swamp:2)
  A swamp worm (Swamp:4)
  A swamp drake (Swamp:4)
  An orc priest (D:3)
  2 gnolls (D:5)
  14 foxfires
25 creatures vanquished.

Grand Total: 1072 creatures vanquished

Notes
Turn   | Place    | Note
-------+----------+-------------------------------------------
     0 | D:1      | december12 the Barachi Artificer began the quest for the
                  | Orb.
     0 | D:1      | Reached XP level 1. HP: 15/15 MP: 1/1
   120 | D:1      | Reached XP level 2. HP: 19/22 MP: 2/2
   630 | D:1      | Reached XP level 3. HP: 28/28 MP: 3/3
   874 | D:2      | Noticed Terence
  1003 | D:2      | Killed Terence
  1177 | D:2      | Identified the +0 scale mail "Mutuet" {rElec Regen+ MP+9
                  | Int-2}
  1294 | D:2      | Reached XP level 4. HP: 37/37 MP: 4/4
  2018 | D:3      | Found an iron altar of Okawaru.
  2157 | D:3      | Identified the +7 dagger "Qixij" {flame, rPois rC+}
  2188 | D:3      | Found a hide-covered altar of Uskayaw.
  2193 | D:3      | Found a broken altar of Ashenzari.
  2194 | D:3      | Found an ancient bone altar of Kikubaaqudgha.
  2754 | D:4      | You fall into a shaft and drop 1 floor!
  2754 | D:5      | Entered Level 5 of the Dungeon
  2763 | D:4      | Found a sacrificial altar of Ru.
  2763 | D:4      | Found a radiant altar of Vehumet.
  2812 | D:5      | Found a burning altar of Makhleb.
  2816 | D:5      | Reached skill level 5 in Fighting
  2816 | D:5      | Reached XP level 5. HP: 44/44 MP: 5/5
  2822 | D:5      | Found a glowing silver altar of Zin.
  2822 | D:5      | Noticed an angel
  2822 | D:5      | Noticed a green death
  2912 | D:5      | Noticed a water moccasin
  2921 | D:5      | Killed a water moccasin
  2922 | D:5      | Reached XP level 6. HP: 38/55 MP: 6/6
  3021 | D:5      | Noticed an ice beast
  3032 | D:5      | Killed an ice beast
  3072 | D:5      | Reached XP level 7. HP: 56/62 MP: 7/7
  3507 | D:5      | Reached skill level 1 in Long Blades
  3560 | D:5      | Reached skill level 2 in Long Blades
  3589 | D:5      | Found a glowing golden altar of the Shining One.
  3651 | D:5      | Noticed Eustachio
  3653 | D:5      | Noticed Edmund
  3665 | D:5      | Killed Edmund
  3666 | D:5      | Reached skill level 3 in Long Blades
  3666 | D:5      | Reached XP level 8. HP: 71/71 MP: 8/8
  3676 | D:5      | Killed Eustachio
  3768 | D:6      | Noticed a kobold demonologist
  3768 | D:6      | Found a transporter.
  3772 | D:6      | Noticed a kobold demonologist
  3864 | D:6      | Reached skill level 4 in Long Blades
  3893 | D:6      | Found a staircase to the Ecumenical Temple.
  3923 | Temple   | Entered the Ecumenical Temple
  3929 | Temple   | Became a worshipper of Cheibriados the Contemplative
  3959 | D:6      | Noticed an air elemental
  3963 | D:6      | Noticed a water elemental
  3966 | D:6      | Found a stormy altar of Qazlal.
  3966 | D:6      | Noticed Grinder
  3975 | D:6      | Paralysed by Grinder for 4 turns
  3988 | D:6      | Killed Grinder
  3989 | D:6      | Reached skill level 5 in Long Blades
  4065 | D:6      | Found a transporter.
  4163 | D:6      | Found a basalt altar of Yredelemnul.
  4172 | D:6      | Reached skill level 10 in Fighting
  4172 | D:6      | Reached skill level 6 in Long Blades
  4251 | D:6      | Noticed an orange demon
  4252 | D:6      | Noticed an ice devil
  4252 | D:6      | Killed a kobold demonologist
  4253 | D:6      | Reached skill level 7 in Long Blades
  4253 | D:6      | Reached XP level 9. HP: 72/78 MP: 9/9
  4254 | D:6      | Killed a kobold demonologist
  4262 | D:6      | Reached skill level 5 in Dodging
  4426 | D:7      | Reached * piety under Cheibriados
  4427 | D:7      | Reached skill level 8 in Long Blades
  4577 | D:7      | Identified the +8 dagger "Hetirr" {flame, *Slow rElec rF+
                  | Int+3}
  4616 | D:7      | Found Xeghasech's Elemental Accessories.
  4654 | D:7      | Noticed a gargoyle
  4659 | D:7      | Killed a gargoyle
  4660 | D:7      | Reached skill level 9 in Long Blades
  4736 | D:7      | Found a shimmering altar of Xom.
  4747 | D:7      | Reached ** piety under Cheibriados
  4748 | D:7      | Reached XP level 10. HP: 73/89 MP: 10/10
  5315 | D:8      | Reached skill level 1 in Invocations
  5376 | D:8      | Found Qiqis's Antique Weapon Shoppe.
  5395 | D:8      | Bought a runed scimitar for 203 gold pieces
  5811 | D:8      | Noticed Erica
  5819 | D:8      | Killed Erica
  6142 | D:9      | Reached skill level 10 in Long Blades
  6190 | D:9      | Reached *** piety under Cheibriados
  6236 | D:9      | Paralysed by a hornet for 2 turns
  6242 | D:9      | HP: 4/90 [poisoned by a hornet]
  6358 | D:9      | Noticed Erolcha
  6364 | D:9      | Killed Erolcha
  6365 | D:9      | Reached XP level 11. HP: 70/96 MP: 14/14
  6540 | D:9      | Reached skill level 11 in Long Blades
  6616 | D:9      | Found an ornate altar of the Wu Jian Council.
  6668 | D:9      | Reached **** piety under Cheibriados
  6785 | D:10     | Entered Level 10 of the Dungeon
  6785 | D:10     | Found Fayfoir's Jewellery Boutique.
  6842 | D:10     | Found a transporter.
  6842 | D:10     | Found a transporter.
  6961 | D:10     | Reached skill level 5 in Invocations
  7008 | D:10     | Found a sparkling altar of Nemelex Xobeh.
  7239 | D:10     | Found a staircase to the Lair.
  7840 | D:11     | Reached skill level 12 in Long Blades
  7905 | D:11     | Found a frozen archway.
  7935 | IceCv    | Entered an ice cave
  8214 | IceCv    | Noticed a bog body
  8214 | IceCv    | Noticed a necromancer
  8218 | IceCv    | Killed a bog body
  8219 | IceCv    | Reached XP level 12. HP: 105/105 MP: 17/17
  8365 | IceCv    | Reached skill level 13 in Long Blades
  8657 | D:11     | Reached ***** piety under Cheibriados
  9472 | D:12     | Noticed a boulder beetle
  9481 | D:12     | Killed a boulder beetle
  9558 | D:12     | Found an ancient bone altar of Kikubaaqudgha.
  9623 | D:12     | Found Jiem's Armour Boutique.
  9623 | D:12     | Found a staircase to the Orcish Mines.
  9626 | D:12     | Found Roacs's Weapon Boutique.
  9701 | D:12     | Identified the +0 leather armour "Qoifost" {rC+ rN+ SInv}
 10036 | D:12     | Noticed a boulder beetle
 10050 | D:12     | Killed a boulder beetle
 10051 | D:12     | Reached skill level 14 in Long Blades
 10372 | D:13     | Noticed a tengu warrior
 10386 | D:13     | Killed a tengu warrior
 10445 | D:13     | Noticed a centaur warrior
 10453 | D:13     | Killed a centaur warrior
 10459 | D:13     | Gained mutation: You can hop long distances. [Barachi
                  | growth]
 10459 | D:13     | Reached XP level 13. HP: 112/113 MP: 19/19
 10479 | D:13     | Found a gate to the Vaults.
 10479 | D:13     | Noticed an ironbound preserver
 10497 | D:13     | Killed an ironbound preserver
 10834 | D:13     | Reached skill level 15 in Long Blades
 10846 | D:13     | Identified the +6 war axe of Ycyetiothu {flame, *Corrode
                  | rC+ Str+2 Dex+4}
 10855 | D:13     | Reached skill level 10 in Dodging
 10950 | D:13     | Reached ****** piety under Cheibriados
 11200 | D:14     | Identified the +3 mace "Spiderbane" {speed, rElec Dex+2}
 11627 | D:14     | Noticed an ice dragon
 11635 | D:14     | Killed an ice dragon
 11769 | D:14     | Noticed Roxanne
 11865 | D:14     | Reached skill level 1 in Shapeshifting
 11966 | D:15     | Entered Level 15 of the Dungeon
 12186 | D:15     | Reached skill level 5 in Shapeshifting
 12388 | D:15     | Reached XP level 14. HP: 119/121 MP: 20/20
 13064 | D:15     | Found a staircase to the Depths.
 13507 | Orc:1    | Entered Level 1 of the Orcish Mines
 13507 | Orc:1    | Found Xeesohiedaf's Vocational Training.
 13510 | Orc:1    | Reached skill level 10 in Shapeshifting
 13633 | Orc:2    | Entered Level 2 of the Orcish Mines
 14635 | Orc:2    | Found Weczost's Book Shoppe.
 14655 | Orc:2    | Found a roughly hewn altar of Beogh.
 14844 | Orc:2    | Found Cegocir's Assorted Antiques.
 14853 | Orc:2    | Bought a bubbling coppery potion for 30 gold pieces
 14853 | Orc:2    | Bought a scroll of identify for 68 gold pieces
 14968 | Orc:2    | Noticed Nessos
 14975 | Orc:2    | Killed Nessos
 14982 | Orc:2    | Reached XP level 15. HP: 75/127 MP: 11/21
 15108 | Orc:2    | Found Tukhlupp's Armour Emporium.
 15178 | Orc:2    | Found Yfeuch's Weapon Emporium.
 15379 | Orc:2    | Found a staircase to the Elven Halls.
 15575 | Orc:2    | Found Cadiukoll's Antique Armour Emporium.
 16187 | D:14     | Killed Roxanne
 16309 | Lair:1   | Entered Level 1 of the Lair of Beasts
 16395 | Lair:1   | Found a white marble altar of Elyvilon.
 16446 | Lair:1   | Noticed Urug
 16458 | Lair:1   | Killed Urug
 17831 | Lair:2   | Reached skill level 15 in Shapeshifting
 17860 | Lair:2   | Found a hole to the Spider Nest.
 18118 | Lair:2   | Found a staircase to the Swamp.
 18304 | Lair:3   | Identified the ring "Goapna" {rPois rF+ Str+2 Int+6 Slay-5}
 18454 | Lair:3   | Noticed Nergalle
 18472 | Lair:3   | Killed Nergalle
 18820 | Lair:3   | Noticed Snorg
 18831 | Lair:3   | Killed Snorg
 19200 | Lair:4   | Reached skill level 15 in Fighting
 19200 | Lair:4   | Reached skill level 16 in Long Blades
 19410 | Lair:4   | You fall into a shaft and drop 1 floor!
 19410 | Lair:5   | Entered Level 5 of the Lair of Beasts
 20142 | Lair:3   | Reached XP level 16. HP: 136/136 MP: 22/22
 20529 | Lair:5   | Reached skill level 17 in Long Blades
 21185 | Lair:5   | Learned a level 4 spell: Olgreb's Toxic Radiance
 21242 | Lair:5   | Found a staircase to the Slime Pits.
 21311 | Spider:1 | Entered Level 1 of the Spider Nest
 21379 | Swamp:1  | Entered Level 1 of the Swamp
 21379 | Swamp:1  | Noticed Mlioglotl
 21386 | Swamp:1  | Reached skill level 1 in Spellcasting
 21386 | Swamp:1  | Reached skill level 1 in Alchemy
 21453 | Swamp:2  | Identified a scroll of acquirement
 21560 | Swamp:4  | Entered Level 4 of the Swamp
 21604 | Swamp:4  | Learned a level 5 spell: Freezing Cloud
 21655 | Swamp:4  | Reached skill level 1 in Ice Magic
 21672 | Swamp:4  | Reached skill level 1 in Conjurations
 21672 | Swamp:4  | Reached skill level 1 in Air Magic
 21678 | Swamp:4  | Reached skill level 18 in Long Blades
 21723 | Swamp:4  | Noticed a thorn hunter
 21739 | Swamp:4  | Killed a thorn hunter
 21769 | Swamp:4  | Reached XP level 17. HP: 62/142 MP: 23/23
 21784 | Swamp:4  | Reached skill level 5 in Ice Magic
 21819 | Swamp:4  | Got a mossy gem with 889 turns to spare
 21821 | Swamp:4  | Got a decaying rune of Zot
 22587 | Spider:3 | Noticed Arachne
 22596 | Spider:3 | Reached skill level 5 in Alchemy
 22609 | Spider:3 | Killed Arachne
 22649 | Spider:3 | Reached skill level 5 in Spellcasting
 22668 | Spider:3 | Noticed Jorgrun
 22678 | Spider:3 | Killed Jorgrun
 22680 | Spider:3 | Reached skill level 5 in Conjurations
 22709 | Spider:4 | Entered Level 4 of the Spider Nest
 22715 | Spider:4 | Reached skill level 5 in Air Magic
 22852 | Spider:4 | Reached skill level 10 in Ice Magic
 22907 | Spider:4 | Reached XP level 18. HP: 144/149 MP: 18/27
 22932 | Spider:4 | Got a milky-white gem with 37 turns to spare
 22968 | Spider:4 | Got a gossamer rune of Zot
 23298 | Vaults:1 | Entered Level 1 of the Vaults
 23450 | D:7      | Bought the Atlas of the Tundra for 506 gold pieces
 23450 | D:7      | Bought a lightning rod (4/4) for 440 gold pieces
 23607 | Vaults:1 | Reached skill level 10 in Invocations
 23818 | Vaults:1 | Found Atampyc's Distillery.
 23827 | Vaults:1 | Bought a potion of curing for 33 gold pieces
 23827 | Vaults:1 | Bought a potion of attraction for 33 gold pieces
 23827 | Vaults:1 | Bought a potion of enlightenment for 55 gold pieces
 23827 | Vaults:1 | Bought a potion of magic for 88 gold pieces
 23827 | Vaults:1 | Bought a potion of curing for 33 gold pieces
 24038 | Vaults:2 | Noticed Jory
 24300 | Vaults:3 | Identified the orb "Ofacreh" {light, Fly Str-5 Slay+3}
 24300 | Vaults:3 | Noticed Frederick
 24311 | Vaults:3 | Killed Frederick
 24312 | Vaults:3 | Reached skill level 15 in Ice Magic
 24575 | Vaults:4 | Learned a level 9 spell: Polar Vortex
 24581 | Vaults:4 | Learned a level 5 spell: Metabolic Englaciation
 24605 | Vaults:5 | Entered Level 5 of the Vaults
 24609 | Vaults:5 | Reached skill level 10 in Spellcasting
 24609 | Vaults:5 | Reached XP level 19. HP: 111/155 MP: 24/33
 24625 | Vaults:5 | Noticed an ancient lich
 24709 | Vaults:4 | You fall into a shaft and drop 1 floor!
 24710 | Vaults:5 | Noticed a hellephant
 24714 | Vaults:5 | Found Yheroteu's Armour Boutique.
 24714 | Vaults:5 | Identified the +6 quarterstaff "Byfo" {drain, rN+ Str+2
                  | Int+3}
 24719 | Vaults:5 | Noticed Margery
 24734 | Vaults:5 | Killed Margery
 24736 | Vaults:5 | Killed a hellephant
 24745 | Vaults:5 | Noticed a dread lich
 24745 | Vaults:5 | Noticed a golden dragon
 24750 | Vaults:5 | Noticed a golden dragon
 24758 | Vaults:5 | Killed from afar by a titan

Illustrated notes

Levels and vault maps discovered:
D:1:      scummos_arrival_simple_fountains, layout_loops_cross
D:2:      layout_basic, uniq_terence
D:3:      layout_basic, okawaru_metal_pillars_1_2, grunt_temple_overflow_open
D:4:      layout_rooms, nicolae_overflow_hidden_temple,
          kennysheep_generic_room_5
D:5:      layout_loops_ring, grunt_temple_overflow_order_and_chaos_2,
          mainiacjoe_overflow_24_doors, serial_glass, glass_columns_a,
          glass_columns_b, glass_columns_a, glass_columns_b, uniq_eustachio,
          uniq_edmund
D:6:      gammafunk_wand_slinger, layout_rooms, yredelemnul_altar_generic,
          nicolae_qazlal_style_of_elements, minmay_temple_entry_slanted,
          uniq_grinder
D:7:      layout_basic, regret_index_xom_of_box, nicolae_elemental_shop,
          kennysheep_generic_room_16
D:8:      nicolae_cairo_tiling_very_big, layout_basic, serial_shops,
          nicolae_shop_tiny_waterfront, uniq_erica
D:9:      layout_basic, nicolae_wu_jian_wuxing_cycle, uniq_erolcha
D:10:     layout_basic, nemelex_xobeh_ov_fountains_minmay, david_lair_shrubbed,
          serial_shops, nicolae_stop_n_shop_2, nicolae_diode_stairs
D:11:     layout_gridville, portal_ice_cave_demonic_guard, grunt_ministairs_15
D:12:     layout_loops_ring, orc_david_3, serial_co_window_serial,
          co_window_paths_b, co_window_corner_a, co_window_paths_b,
          co_window_cross_1, co_window_paths_a, co_window_paths_b,
          co_window_corner_a, co_window_cross_4, co_window_unsneaky_path_d,
          co_window_of_opportunity_b, co_window_paths_c, co_window_broadway_a,
          glass_columns_a, glass_columns_a, glass_columns_c, glass_columns_a,
          glass_columns_c, nicolae_kikubaaqudgha_miasma_corner
D:13:     layout_basic, skrybe_vaults_entry_preservation, minmay_checkerbox
D:14:     layout_basic, moated_statue, uniq_roxanne
D:15:     hangedman_depths_entry_civil_slaughter, layout_irregular_city,
          hangedman_decor_points, serial_demonic, serial_demonic_a,
          serial_demonic_d, serial_demonic_b, serial_demonic_d,
          serial_demonic_e, serial_demonic_d, serial_demonic_f,
          serial_demonic_f, serial_demonic_e, serial_demonic_b
Temple:   hellmonk_temple_two_chambers
Lair:1:   layout_loops_ring, basic_altar, lemuel_fruit_tree, uniq_urug
Lair:2:   layout_cave_pods, alex1729_swamp_entry_worm_eleionoma,
          spider_nest_entry_webs, infiniplex_staircase_pool_2
Lair:3:   lemuel_ratsnest, layout_chaotic_city, minmay_hedge_maze,
          kennysheep_catoblepas_arena, grunt_megastairs_2, lemuel_fruit_fields,
          uniq_nergalle, uniq_snorg
Lair:4:   layout_cave_pods, st_stairs_3
Lair:5:   evilmike_catoblepas_cave, layout_small_grid, slime_entry_1,
          grunt_forest_small_clearing_treed
Swamp:1:  layout_basic_swamp, evilmike_swamp_ruin_wall, uniq_donald,
          uniq_mlioglotl
Swamp:2:  layout_basic_swamp, nicolae_swamp_feature_on_the_river_bank
Swamp:3:  layout_basic_swamp, hangedman_swamp_ruin_wall
Swamp:4:  swamp_basic_johnstein, layout_basic_swamp, swamp_pool_1_2,
          infiniplex_staircase_pool
Spider:1: layout_spider_delve, worms_lemuel
Spider:2: layout_chambers, gammafunk_ghost_cemetery, drop_trap
Spider:3: layout_spider_delve, uniq_jorgrun, uniq_arachne
Spider:4: grunt_spider_rune_parallel
Orc:1:    layout_caves, nicolae_shop_vocational
Orc:2:    st_orc_town, layout_caves, serial_shops, shop, uniq_nessos
Vaults:1: nicolae_vaults_stairing_the_circle, v_pattern_5,
          grunt_vaults_hallway_short, nicolae_vaults_closet_pinwheel_4,
          nicolae_vaults_house_1, vaults_room_pools, nicolae_vaults_house_1,
          layout_vaults_omnigrid, serial_shops, shop, uniq_asterion
Vaults:2: abrahamwl_protected_by_tso_2, minmay_crypt_entry_simple_statues,
          ontoclasm_vaults_ring_large, vaults_dpeg_hooks,
          nicolae_vaults_tetromino_T_2, vaults_mumra_lcd,
          layout_vaults_chaotic_city, uniq_jory
Vaults:3: nicolae_vaults_network_s, vaults_room_door_hall,
          vaults_room_door_hall, v_rooms_5, st_more_cells,
          nicolae_vaults_mini_display_case, serial_ice_h, v_misc_5,
          ontoclasm_vaults_decontamination, vaults_room_semicircle,
          layout_vaults_ring, uniq_nikola, uniq_frederick
Vaults:4: nicolae_vaults_tangram_1, nicolae_vaults_swerve,
          nicolae_vaults_trapezoid_lopsided_3, nicolae_vaults_turnstiles,
          dpeg_vaults_monster_box, vaults_mumra_chevron_long,
          ontoclasm_vaults_tryst, vaults_dpeg_diagonal,
          nicolae_vaults_rhombus_5, nicolae_vaults_cochlea,
          vaults_mumra_minichess, layout_vaults_maze_bifur, uniq_bai_suzhen
Vaults:5: uniq_saint_roka, uniq_margery

Skill      XL: |  1  2  3  4  5  6  7  8  9 10 11 12 13 14 15 16 17 18 19 |
---------------+----------------------------------------------------------+-----
Fighting       | 2 3 5 7 8 9 10 11 12 13 14 15 | 15.0
Evocations     | 4 |  4.0
Long Blades    | 3 7 9 10 12 14 15 16 18 | 18.0
Dodging        | 2 4 6 7 8 9 10 12 | 12.0
Invocations    | 4 7 8 9 11 | 11.0
Shapeshifting  | 6 12 16 17 | 17.0
Spellcasting   | 3 6 10 | 10.5
Alchemy        | 3 6 |  6.0
Ice Magic      | 4 10 16 17 | 17.3
Conjurations   | 2 5 |  5.0
Air Magic      | 1 5 |  5.0
Armour         | |  2.4
Stealth        | |  0.8

Action                     |  1- 3 |  4- 6 |  7- 9 | 10-12 | 13-15 | 16-18 | 19-21 || total
---------------------------+-------+-------+-------+-------+-------+-------+-------++-------
  Melee: Whip              |    74 |       |       |       |       |       |       ||    74
         Spear             |    53 |       |       |       |       |       |       ||    53
         Trident           |    16 |    25 |       |       |       |       |       ||    41
         Dagger            |       |    61 |    45 |    46 |       |       |       ||   152
         Rapier            |       |       |   163 |    28 |    29 |       |       ||   220
         Scimitar          |       |       |       |   527 |  1003 |   694 |    27 ||  2251
   Fire: Orcbow            |       |       |       |       |    10 |       |       ||    10
  Throw: Dart              |       |       |       |     1 |     7 |     1 |     2 ||    11
   Cast: Olgreb's Toxic Ra |       |       |       |       |       |    60 |     3 ||    63
         Freezing Cloud    |       |       |       |       |       |    30 |     6 ||    36
 Invoke: Slouch            |       |       |       |     1 |    15 |    13 |     5 ||    34
         Step From Time    |       |       |       |       |       |     2 |     1 ||     3
         Temporal Distorti |       |       |       |       |       |       |     2 ||     2
Ability: Hop               |     1 |       |       |     5 |     4 |     6 |       ||    16
         Begin Untransform |       |       |       |       |     1 |       |       ||     1
  Evoke: Wand              |     7 |     9 |    19 |     6 |    18 |    14 |     1 ||    74
         Lightning rod     |       |       |       |       |       |     6 |       ||     6
         Gell's gravitambo |       |       |       |       |       |     1 |       ||     1
    Use: Potion            |       |       |       |     1 |       |     4 |     1 ||     6
         Scroll            |       |       |       |    13 |     9 |    12 |     1 ||    35
   Stab: Petrified         |       |       |       |       |     3 |     5 |       ||     8
         Petrifying        |       |       |       |       |     3 |     2 |       ||     5
         Distracted        |       |       |       |       |     3 |     4 |       ||     7
         Sleeping          |       |       |       |       |     1 |     5 |       ||     6
 Armour: Leather armour    |    98 |       |       |       |       |       |       ||    98
         Scale mail        |     9 |    60 |   162 |   336 |   302 |       |       ||   869
         Skin              |       |       |       |       |   177 |   711 |    38 ||   926
  Dodge: Dodged            |    98 |    33 |   138 |   629 |  1563 |  2155 |    55 ||  4671
   Form: Statue            |       |       |       |       |     2 |       |       ||     2

Table legend: (Time is in decaauts)
 A = Elapsed time spent in this place.
 B = Non-inter-level travel time spent in this place.
 C = Inter-level travel time spent in this place.
 D = Time resting spent in this place.
 E = Time spent auto-exploring this place.
 F = Levels seen in this place.
 G = Mean time per level.
                   A        B        C        D        E       F      G
               +--------+--------+--------+--------+--------+-----+--------+
         Total |  46603 |  39518 |   7085 |   3045 |  24390 |  37 | 1259.5 |
       Dungeon |  23126 |  18917 |   4209 |   1599 |  14039 |  15 | 1541.7 |
        Temple |     16 |      8 |      8 |      0 |      0 |   1 |   16.0 |
          Lair |  12077 |  10416 |   1661 |    259 |   8562 |   5 | 2415.4 |
         Swamp |   1164 |    997 |    167 |      0 |      0 |   4 |  291.0 |
   Spider Nest |   3036 |   2593 |    443 |      0 |      0 |   4 |  759.0 |
  Orcish Mines |   3440 |   3144 |    296 |    995 |   1574 |   2 | 1720.0 |
        Vaults |   2977 |   2679 |    298 |      4 |      0 |   5 |  595.4 |
      Ice Cave |    764 |    764 |      0 |    187 |    213 |   1 |  764.0 |
               +--------+--------+--------+--------+--------+-----+--------+

Top non-repeatable levels by time:
  Lair:2: 3146 daAuts
  Lair:4: 2739 daAuts
  Lair:3: 2714 daAuts
   Orc:2: 2548 daAuts
    D:14: 2505 daAuts
    D:12: 2331 daAuts
    D:10: 2028 daAuts
  Lair:1: 2021 daAuts
    D:15: 1962 daAuts
    D:13: 1922 daAuts
Spider:1: 1822 daAuts
    D:11: 1818 daAuts
     D:8: 1718 daAuts
     D:9: 1552 daAuts
     D:2: 1498 daAuts
